 Dungeon Crawl Stone Soup version 0.21.1-1-g345015f (webtiles) character file.

145 RudyRod the Skirmisher (level 5, -3/45 (46) HPs)
             Began as a Ghoul Monk on May 17, 2018.
             Slain by a gnoll
             ... wielding a +0 halberd
              (9 damage)
             ... on level 2 of the Dungeon.
             The game lasted 00:08:10 (2751 turns).

RudyRod the Skirmisher (Ghoul Monk)                 Turns: 2751, Time: 00:08:11

HP:   -3/45 (46)    AC:  7    Str: 16    XL:     5   Next: 27%
MP:   13/13         EV: 11    Int:  5    God:
Gold: 146           SH:  0    Dex: 11    Spells: 4/4 levels left

rFire    . . .     SeeInvis +   a - +0 mace
rCold    + . .     Gourm    .   (no shield)
rNeg     + + +     Faith    .   b - +1 robe
rPois    ∞         Spirit   .   d - +2 helmet {SInv}
rElec    .         Reflect  .   (no cloak)
rCorr    .         Harm     .   (no gloves)
MR       .....                  g - +0 pair of boots
Stlth    ++........             (no amulet)
HPRegen  0.00/turn              j - -2 ring of evasion (curse)
MPRegen  0.13/turn              k - ring of magical power

@: rotting
A: rotting body, claws 1, carnivore, cold resistance 1, negative energy
resistance 3, inhibited regeneration, torment resistance, unbreathing
a: no special abilities


You were on level 2 of the Dungeon.
You were not hungry.

You visited 1 branch of the dungeon, and saw 3 of its levels.

You collected 146 gold pieces.

Inventory:

Hand Weapons
 a - a +0 mace (weapon)
Armour
 b - a +1 robe (worn)
 d - a +2 helmet of see invisible (worn)
 g - a +0 pair of boots (worn)
Jewellery
 j - a cursed -2 ring of evasion (left claw)
 k - a ring of magical power (right claw)
Wands
 p - a wand of disintegration (7)
Scrolls
 h - 3 scrolls of identify
 n - 3 scrolls of remove curse {unknown}
 q - a scroll of teleportation {unknown}
Potions
 e - a potion of brilliance
 f - a potion of mutation {unknown}
 m - a potion of haste {unknown}
Books
 o - a book of Changes

   Spells                             Type                      Level
   a - Beastly Appendage              Transmutation                1
   b - Sticks to Snakes               Transmutation                2
   c - Spider Form                    Transmutation/Poison         3
   d - Ice Form                       Ice/Transmutation            4
   e - Blade Hands                    Transmutation                5
Comestibles
 c - 4 rations
 i - 12 chunks of flesh


   Skills:
 + Level 4.0 Fighting
 + Level 3.8 Maces & Flails
 * Level 1.1 Armour
 + Level 3.3 Dodging
 + Level 3.0 Stealth


You had 4 spell levels left.
You didn't know any spells.

Dungeon Overview and Level Annotations

Branches:
Dungeon (3/15)

Altars:
Ru


Innate Abilities, Weirdness & Mutations

Your body is rotting away.
You thrive on raw meat.
You are immune to poison.
You have sharp fingernails.
You are carnivorous and can eat meat at any time.
Your flesh is cold resistant. (rC+)
You are immune to negative energy. (rN+++)
You do not regenerate when monsters are visible.
You are immune to unholy pain and torment.
You can survive without breathing.


Message History

The gnoll is heavily wounded.
The gnoll misses you.
You hit the gnoll.
The gnoll is severely wounded.
The gnoll misses you.
You hit the gnoll.
The gnoll is severely wounded.
The gnoll hits you with a halberd!
* * * LOW HITPOINT WARNING * * *
You completely miss the gnoll.
The gnoll is severely wounded.
The gnoll barely misses you.
You hit the gnoll but do no damage.
The gnoll is severely wounded.
The gnoll hits you with a halberd.
* * * LOW HITPOINT WARNING * * *
You hit the gnoll.
The gnoll is almost dead.
The gnoll hits you with a halberd!
You die...

.#..#..#.##..#.##..###.#####.#
...................# #.# #.#
.#.##..#.......##.## #.# #.#
.#.##..#.......##.####<#####.###
.#.##..#.#.....................#
................#.####.###.#.###
.#.##..#.....#....####.###.#.##
.#.##..#.....#................#
.......#........@.####.###.#.##
.......#...#.#.##g####.# #.#.#
.......................# #.#.#
.......#...#.####.###### #.#.#
.......#...#.# #.## #.#.#
......)......####..# #.#.#
...................## ###.#.#
....................# #.#.#.#
.##........#.#####.## #.#÷#.#


You could see a gnoll.

Vanquished Creatures
  5 gnolls (D:3)
  2 adders
  2 worms (D:2)
  A dart slug (D:1)
  7 leopard geckos
  3 giant cockroaches (D:2)
  11 goblins
  5 hobgoblins
  4 jackals (D:3)
  6 kobolds
  10 bats
  3 frilled lizards
  5 rats
64 creatures vanquished.

Notes
Turn   | Place    | Note
-------+----------+-------------------------------------------
     0 | D:1      | RudyRod the Ghoul Monk began the quest for the Orb.
     0 | D:1      | Reached XP level 1. HP: 19/19 MP: 0/0
     0 | D:1      | Noticed a minotaur zombie
     2 | D:1      | Noticed a minotaur zombie
    18 | D:1      | Noticed a merfolk zombie
    20 | D:1      | Noticed a minotaur zombie
   244 | D:1      | Reached XP level 2. HP: 11/26 MP: 1/1
   975 | D:2      | Reached XP level 3. HP: 33/33 MP: 2/2
  1985 | D:3      | Reached XP level 4. HP: 39/39 MP: 3/3
  2168 | D:3      | Found a sacrificial altar of Ru.
  2199 | D:3      | Reached skill level 4 in Fighting
  2564 | D:3      | Reached XP level 5. HP: 17/46 MP: 4/4
  2568 | D:3      | Reached skill level 1 in Armour
  2608 | D:3      | Noticed an ogre
  2751 | D:2      | Slain by a gnoll

Skill      XL: |  1  2  3  4  5 |
---------------+----------------+-----
Maces & Flails | 3 |  3.8
Dodging        | 3 |  3.3
Fighting       | 4 |  4.0
Armour         | 1 |  1.1
Stealth        | 3 |  3.0

Action                   |  1- 3 |  4- 6 || total
-------------------------+-------+-------++-------
Melee: Mace              |   136 |   116 ||   252
Throw: Throwing net      |       |     1 ||     1
  Use: Potion            |     4 |     1 ||     5
       Scroll            |     5 |       ||     5
 Stab: Sleeping          |    11 |     5 ||    16
  Eat: Chunk             |    14 |    12 ||    26
Armor: Robe              |    34 |    45 ||    79
Dodge: Dodged            |    89 |    81 ||   170
